 Dungeon Crawl Stone Soup version 0.17-a0-1850-g688e747 (webtiles) character file.

115 derrpe the Charmwright (level 4, 0/29 HPs)
             Began as a High Elf Skald on Sept 18, 2015.
             Was a Believer of Fedhas.
             Slain by an orc wizard
             ... wielding a +0 dagger
              (1 damage)
             ... on level 3 of the Dungeon.
             The game lasted 00:08:18 (3489 turns).

derrpe the Charmwright (High Elf Skald)             Turns: 3489, Time: 00:08:19

Health: 0/29       AC:  5    Str: 11    XL:     4   Next: 68%
Magic:  0/19       EV: 11    Int: 17    God:    Fedhas [**....]
Gold:   118        SH:  0    Dex: 14    Spells: 4 memorised, 2 levels left

rFire  . . .     SeeInvis .     a - +0 falchion
rCold  . . .     Clarity  .     b - +0 leather armour
rNeg   . . .     SustAt   .     (no shield)
rPois  .         Gourm    .     (no helmet)
rElec  .         Spirit   +     g - +0 cloak
rCorr  .         Warding  .     t - +0 pair of gloves
rMut   .         Stasis   .     (no boots)
MR     .....                    q - amulet of guardian spirit
Stlth  +.........               (no ring)
                                o - ring of magical power

@: not resistant to hostile enchantments, very unstealthy
A: no striking features
a: Evolution, Sunlight, Renounce Religion


You were on level 3 of the Dungeon.
You worshipped Fedhas.
Fedhas was pleased with you.
You were hungry.

You visited 1 branch of the dungeon, and saw 3 of its levels.

You collected 118 gold pieces.

Inventory:

Hand weapons
 a - a +0 falchion (weapon)
Armour
 b - a +0 leather armour (worn)
 g - a +0 cloak (worn)
 t - a +0 pair of gloves (worn)
Jewellery
 h - an uncursed ring of fire
 o - a ring of magical power (left hand)
 q - an amulet of guardian spirit (around neck)
Scrolls
 e - 3 scrolls of remove curse {unknown}
 i - 2 scrolls of enchant weapon {unknown}
 j - 4 scrolls of recharging {unknown}
 k - a scroll of teleportation {unknown}
 l - 4 scrolls of identify {unknown}
 m - 2 scrolls of immolation {unknown}
 r - a scroll of blinking {unknown}
 s - a scroll of fear {unknown}
Potions
 f - a potion of brilliance {unknown}
 n - a potion of resistance {unknown}
 v - a potion of beneficial mutation {unknown}
Books
 c - a book of Battle

   Spells                             Type                      Level
   a - Infusion                       Charms                       1
   b - Shroud of Golubria             Charms/Translocation         2
   c - Song of Slaying                Charms                       2
   d - Spectral Weapon                Hexes/Charms                 3
   e - Regeneration                   Charms/Necromancy            3
Comestibles
 d - 3 bread rations
 p - a meat ration
 u - a beef jerky


   Skills:
 - Level 2.0 Fighting
 * Level 4.3 Long Blades
 - Level 0.8 Armour
 - Level 1.1 Dodging
 + Level 3.5 Spellcasting
 + Level 4.6 Charms


You had 2 spell levels left.
You knew the following spells:

 Your Spells              Type           Power        Failure   Level  Hunger
a - Infusion              Chrm           ###...       3%          1    None
b - Song of Slaying       Chrm           ###.....     6%          2    ##.....
c - Shroud of Golubria    Chrm/Tloc      ##........   14%         2    ##.....
d - Regeneration          Chrm/Necr      ##........   28%         3    ###....


Dungeon Overview and Level Annotations

Branches:
Dungeon (3/15)

Altars:
Fedhas
Makhleb


Message History

The orc wizard hits you with a dagger. The worm completely misses you.
You offer a prayer to Fedhas.
Fedhas is pleased with you.
You closely miss the orc wizard. The orc wizard closely misses you.
The orc wizard hits you with a dagger.
* * * LOW HITPOINT WARNING * * *
You barely miss the orc wizard. The orc wizard closely misses you.
The worm bites you!
* * * LOW HITPOINT WARNING * * *
You closely miss the orc wizard. The orc wizard misses you.
The orc wizard hits you with a dagger.
* * * LOW HITPOINT WARNING * * *
The worm bites you but does no damage.
You hit the orc wizard.
The orc wizard is heavily wounded.
The orc wizard hits you with a dagger.
* * * LOW HITPOINT WARNING * * *
The orc wizard hits you with a dagger.
You die...
Fedhas appreciates your contribution to the ecosystem. #....... ...... ...... .... oo.# #oo

#w# ## #@# ##
#. #o# . ###.
#.##.# #...
...###..#.##.#
#... ## #
.............#
#... .##.#
#######.######
##.. ....#
##.## ####..
.##.## #...#
#....# .....#
#<..# #.####


You could see a worm, an orc wizard and 4 orcs.

Vanquished Creatures
  5 adders (D:3)
  A worm (D:3)
  5 giant geckos
  2 orcs (D:3)
  3 ball pythons
  5 bats
  4 giant cockroaches
  5 hobgoblins
  9 kobolds
  2 quokkas (D:3)
  3 giant newts
  10 goblins
  6 jackals
  5 rats
65 creatures vanquished.

Vanquished Creatures (others)
  23 toadstools
23 creatures vanquished.

Grand Total: 88 creatures vanquished

Notes
Turn   | Place    | Note
--------------------------------------------------------------
     0 | D:1      | derrpe the High Elf Skald began the quest for the Orb.
     0 | D:1      | Reached XP level 1. HP: 14/14 MP: 4/4
   845 | D:1      | Reached XP level 2. HP: 17/19 MP: 2/6
   862 | D:1      | Learned a level 2 spell: Song of Slaying
   865 | D:1      | Learned a level 2 spell: Shroud of Golubria
  1080 | D:1      | Reached XP level 3. HP: 8/24 MP: 0/8
  1594 | D:1      | Reached skill level 4 in Charms
  1861 | D:2      | Found a faded altar to an unknown god.
  1879 | D:2      | Became a worshipper of Fedhas Madash
  1879 | D:2      | Acquired Fedhas's first power
  2175 | D:2      | Found a burning altar of Makhleb.
  2781 | D:3      | Reached XP level 4. HP: 21/29 MP: 9/9
  3034 | D:3      | Acquired Fedhas's second power
  3351 | D:3      | Learned a level 3 spell: Regeneration
  3489 | D:3      | HP: 1/29 [orc wizard/dagger (1)]
  3489 | D:3      | Slain by an orc wizard

Vault maps used:
D:1:      dpeg_arrival_snail
D:2:      nicolae_overflow_crystal_walls, ecumenical_altar_2, first_bread,
          amethyst_killhole

Action                   |  1- 3 |  4- 6 || total
-------------------------+-------+-------++-------
Melee: Falchion          |   153 |    82 ||   235
 Cast: Infusion          |    13 |       ||    13
       Song of Slaying   |     2 |       ||     2
       Shroud of Golubri |     1 |       ||     1
 Stab: Sleeping          |     2 |       ||     2
  Eat: Chunk             |     6 |     2 ||     8
